 Dungeon Crawl Stone Soup version 0.28.0-43-g3370ac3207 (webtiles) character file.

Game seed: 3561574009179773578

132 tizbic2 the Skirmisher (level 5, -5/55 HPs)
             Began as an Ogre Fighter on Mar 12, 2022.
             Slain by Menkaure (21 damage)
             ... on level 3 of the Dungeon.
             The game lasted 00:10:32 (2598 turns).

tizbic2 the Skirmisher (Ogre Fighter)               Turns: 2598, Time: 00:10:32

Health: -5/55      AC:  3    Str: 22    XL:     5   Next: 15%
Magic:  5/5        EV:  8    Int:  9    God:
Gold:   132        SH:  7    Dex:  8    Spells: 4/4 levels left

rFire   . . .      SeeInvis .   o - +3 hand axe
rCold   . . .      Faith    .   c - +0 kite shield
rNeg    . . .      Spirit   .   b - +0 robe
rPois   .          Reflect  .   (helmet restricted)
rElec   .          Harm     .   (no cloak)
rCorr   .          Rampage  .   (gloves unavailable)
Will    .....                   (boots unavailable)
Stlth   +.........              (no amulet)
HPRegen 0.18/turn               (no ring)
MPRegen 0.09/turn               (no ring)

@: no status effects
A: large, unfitting armour, tough skin 1
a: no special abilities


You were on level 3 of the Dungeon.
You visited 1 branch of the dungeon, and saw 4 of its levels.

You collected 132 gold pieces.

Inventory:

Hand Weapons
 e - a +2 vorpal spear
 o - a +3 hand axe (weapon)
Missiles
 f - 70 stones (quivered)
 m - 3 boomerangs
Armour
 b - a +0 robe (worn)
 c - a +0 kite shield (worn)
Jewellery
 k - an amulet of faith
Scrolls
 a - a scroll of amnesia {unknown}
 h - 4 scrolls of identify {unknown}
 j - a scroll of magic mapping {unknown}
 l - a scroll of blinking {unknown}
 n - a scroll of teleportation {unknown}
Potions
 d - a potion of might
 g - a potion of flight {unknown}
 i - 2 potions of heal wounds {unknown}


   Skills:
 + Level 4.9 Fighting
 * Level 3.4(3.5) Axes
 - Level 0.6(2.2) Polearms
 - Level 2.6 Dodging
 * Level 3.8 Shields


You had 4 spell levels left.
You didn't know any spells.
Your spell library was empty.

Dungeon Overview and Level Annotations

Branches:
Dungeon (4/15)
 Temple: D:4-7

Altars:

Shops:
D:2 [

Annotations:
D:3 Menkaure


Innate Abilities, Weirdness & Mutations

You are too large for most types of armour.
You have tough skin. (AC +1)


Message History

A hobgoblin comes into view.
The hobgoblin shouts!
You slash the hobgoblin!
You kill the hobgoblin!
You open the door.
There is an open door here.
Found a stone staircase leading up.
There is a stone staircase leading up here.
There is a stone staircase leading up here.
There is an open door here.
There is a stone staircase leading down here.
Search for what [Enter for "D:2", or ? for help]?
D:3 You climb downwards.
Menkaure shouts!
The adder hisses angrily.
Found a ring mail, a plate armour and 13 gold pieces.
Found a stone staircase leading down.
There is a stone staircase leading up here.
You climb upwards.
There is a stone staircase leading down here.
You hit Menkaure.
Menkaure is lightly damaged.
You block Menkaure's attack.
You barely miss Menkaure.
Menkaure is lightly damaged.
You block Menkaure's attack.
You hit Menkaure but do no damage.
Menkaure is lightly damaged.
Menkaure gestures wildly while chanting.
Menkaure seems to speed up.
You hit Menkaure but do no damage.
Menkaure is lightly damaged.
Menkaure hits you. Menkaure casts a spell at you.
Pain shoots through your body!
You hit Menkaure.
Menkaure is moderately damaged.
Menkaure hits you!!
* * * LOW HITPOINT WARNING * * *
Menkaure hits you!!
You die...

.........#
#..##...#########
.........# ##.##........#
.........# #..#..#####.#
.........# ##.#......#.#
.........# #.#)####.#.#
.........# #...# #.#.#
.........# ##..# #[#.#
..^......# #..# #.#.#
.........# #.@# #.#.#
.........# ##M# #.#.#
.........# #.####.#.#
#####.#### #......#.# #.#
#..#####.# #.# #..# #.#
#<# #..#####.#
################......†.#
..................#######


You could see Menkaure (fast).

Vanquished Creatures
  Terence (D:2)
  3 adders
  A dart slug (D:2)
  7 orcs (D:3)
  3 ball pythons
  6 endoplasms
  6 giant cockroaches
  3 goblins
  3 hobgoblins
  7 jackals
  2 kobolds (D:1)
  4 quokkas
  8 bats
  4 frilled lizards
  5 rats
63 creatures vanquished.

Notes
Turn   | Place    | Note
-------+----------+-------------------------------------------
     0 | D:1      | tizbic2 the Ogre Fighter began the quest for the Orb.
     0 | D:1      | Reached XP level 1. HP: 24/24 MP: 1/1
    84 | D:1      | Reached XP level 2. HP: 11/32 MP: 2/2
   672 | D:1      | Reached XP level 3. HP: 39/39 MP: 3/3
  1040 | D:2      | Found Ecaddobb's Antique Armour Boutique.
  1049 | D:2      | Noticed Terence
  1059 | D:2      | Killed Terence
  1060 | D:2      | Reached XP level 4. HP: 45/49 MP: 4/4
  1094 | D:2      | Found a faded altar of an unknown god.
  2011 | D:3      | Reached XP level 5. HP: 45/55 MP: 5/5
  2591 | D:4      | Noticed Menkaure
  2598 | D:3      | Slain by Menkaure

Illustrated notes

Levels and vault maps discovered:
D:1:      erik_arrival_triangle_huge, layout_basic
D:2:      layout_rooms, serial_shops, shop,
          hellmonk_ecumenical_altar_heavens_door, uniq_terence
D:3:      layout_basic
D:4:      layout_rooms, nicolae_qazlal_eye_of_the_storm, uniq_menkaure

Skill      XL: |  1  2  3 |
---------------+----------+-----
Shields        | 3 |  3.8
Axes           | 3 |  3.4
Fighting       | |  4.9
Polearms       | |  0.6
Dodging        | |  2.6

Action                   |  1- 3 |  4- 6 || total
-------------------------+-------+-------++-------
Melee: War axe           |    30 |       ||    30
       Spear             |    67 |    71 ||   138
       Hand axe          |       |    16 ||    16
Throw: Stone             |    26 |    10 ||    36
Armor: Robe              |    23 |    16 ||    39
Dodge: Dodged            |    34 |    18 ||    52
Block: Kite shield       |    39 |    37 ||    76
